cohdb
Replays
Latest Replays
All Replays
Popular Replays
Top Player Replays
Match Explorer
How It Works
Community
CoH3 Stats
Reddit
Sign in to upload your games and track your stats! →
Sign in with Steam
Match 42874488
Unlisted
Match 42874488
Overview
Messages
Build Orders
End
Selects Airborne Battlegroup
Selects Airborne Battlegroup
Selects Pathfinders
Pathfinder Squad
Engineer Squad
Construct Weapon Support Center
M1919 Machine Gun Team
Bazooka Squad
Selects Paratrooper Squad Paradrop
Paratrooper Squad Paradrop
Infantry Support Center
M3 Armored Personnel Carrier
Construct Medical Station
Selects Anti-tank Gun Team Paradrop
M3 Armored Personnel Carrier
Enigmas
Krikke_King
Lost
HJT95
Gambison
Dark Angels
Tirant
Calm
0
0
Comments
sign in to comment!
No comments posted yet!